| TOP OF THE 1ST |
|
Columbus Clippers batting - Pitching for Toledo Mud Hens : RHP Douglas Mathey
|
|
Pitching: RHP Douglas Mathey
|
|
|
Batting: SHB Curt Wilkerson
|
0-0: Ball 1-0: Fly out, F6 (Popup, 6, EV 72.5 MPH)
|
|
Batting: LHB Elijah Bonaparte
|
0-0: Ball 1-0: Foul Ball, location: 2F 1-1: Swinging Strike 1-2: Foul Ball, location: 2F 1-2: Ball 2-2: Strikes out swinging
|
|
Batting: RHB Rod Allen
|
0-0: Ball 1-0: Ground out 6-3 (Groundball, 6, EV 101.3 MPH)
|
| Top of the 1st over - 0 runs, 0 hits, 0 errors, 0 left on base; Columbus 0 - Toledo 0 |
| BOTTOM OF THE 1ST |
|
Toledo Mud Hens batting - Pitching for Columbus Clippers : LHP Brooks Carey
|
|
Pitching: LHP Brooks Carey
|
|
|
Batting: RHB Joey McEndree
|
0-0: Ball 1-0: Swinging Strike 1-1: Ball 2-1: Fly out, F4 (Popup, 4M, EV 76.9 MPH)
|
|
Batting: LHB Ron Diggle
|
0-0: Ball 1-0: Foul Ball, location: 2F 1-1: Called Strike 1-2: DOUBLE (Line Drive, 7LM, EV 88.1 MPH)
|
|
Batting: LHB Greg Brock
|
0-0: Ground out U3 (Groundball, 3, EV 79.4 MPH) Ron Diggle to third
|
|
Batting: RHB Gorman Thomas
|
0-0: Called Strike 0-1: Ball 1-1: Ball 2-1: Ball Passed Ball! Ron Diggle scores 3-1: Base on Balls
|
|
Batting: RHB Milt Jefferson
|
0-0: Ball 1-0: Called Strike 1-1: Foul Ball, location: 2F 1-2: Ball 2-2: Ball 3-2: Foul Ball, location: 2F 3-2: Strikes out swinging
|
| Bottom of the 1st over - 1 run, 1 hit, 0 errors, 1 left on base; Columbus 0 - Toledo 1 |
| TOP OF THE 2ND |
|
Columbus Clippers batting - Pitching for Toledo Mud Hens : RHP Douglas Mathey
|
|
Batting: LHB Jordan Medrano
|
0-0: Foul Ball, location: 2F 0-1: Ground out U3 (Groundball, 3L, EV 103.1 MPH)
|
|
Batting: RHB Donell Nixon
|
0-0: Called Strike 0-1: Called Strike 0-2: Ball 1-2: Foul Ball, location: 2F 1-2: SINGLE (Groundball, 6MS, EV 88.1 MPH) (infield hit)
|
|
Batting: RHB Tracy Anderson
|
0-0: Ball 1-0: Ball 2-0: Called Strike 2-1: Called Strike 2-2: Fly out, F8 (Line Drive, 8LD, EV 98.1 MPH)
|
|
Batting: LHB Gene Gentile
|
0-0: Ball 1-0: Ball 2-0: Called Strike 2-1: Called Strike Donell Nixon steals 2nd base 2-2: Foul Ball, location: 2F 2-2: Strikes out looking
|
| Top of the 2nd over - 0 runs, 1 hit, 0 errors, 1 left on base; Columbus 0 - Toledo 1 |
| BOTTOM OF THE 2ND |
|
Toledo Mud Hens batting - Pitching for Columbus Clippers : LHP Brooks Carey
|
|
Batting: LHB Rich Coggins
|
0-0: Ball 1-0: Ball 2-0: SINGLE (Groundball, 4M, EV 101.3 MPH)
|
|
Batting: RHB Dennis Odom
|
0-0: Called Strike 0-1: Ball 1-1: Ball 2-1: Foul Ball, location: 2F 2-2: Foul Ball, location: 2F 2-2: Foul Ball, location: 2F 2-2: Ball 3-2: Fly out, F9 (Flyball, 89D, EV 94.4 MPH)
|
|
Batting: LHB George LaCoe
|
0-0: Ball 1-0: Ball 2-0: Ball 3-0: Base on Balls Rich Coggins to second
|
|
Batting: RHB Larry Patterson
|
0-0: Fly out, F3 (Popup, 3, EV 76.3 MPH)
|
|
Batting: RHB Joey McEndree
|
0-0: Called Strike 0-1: Fly out, F4 (Popup, 4, EV 66.3 MPH)
|
| Bottom of the 2nd over - 0 runs, 1 hit, 0 errors, 2 left on base; Columbus 0 - Toledo 1 |
| TOP OF THE 3RD |
|
Columbus Clippers batting - Pitching for Toledo Mud Hens : RHP Douglas Mathey
|
|
Batting: RHB Randy Gomez
|
0-0: Called Strike 0-1: Foul Ball, location: 2F 0-2: Strikes out looking
|
|
Batting: RHB Alex Rodriguez
|
0-0: Ball 1-0: Foul Ball, location: 2F 1-1: Ball 2-1: Foul Ball, location: 2F 2-2: Ball 3-2: Base on Balls
|
|
Batting: SHB Curt Wilkerson
|
0-0: Called Strike 0-1: Ball 1-1: Ball 2-1: Foul Ball, location: 2F 2-2: Foul Ball, location: 2F 2-2: Strikes out swinging
|
|
Batting: LHB Elijah Bonaparte
|
0-0: Ball 1-0: Ball 2-0: Fly out, F8 (Flyball, 8RS, EV 93.8 MPH)
|
| Top of the 3rd over - 0 runs, 0 hits, 0 errors, 1 left on base; Columbus 0 - Toledo 1 |
| BOTTOM OF THE 3RD |
|
Toledo Mud Hens batting - Pitching for Columbus Clippers : LHP Brooks Carey
|
|
Batting: LHB Ron Diggle
|
0-0: SINGLE (Line Drive, 4MD, EV 97.5 MPH)
|
|
Batting: LHB Greg Brock
|
0-0: Foul Ball, location: 2F 0-1: Foul Ball, location: 2F 0-2: Ball 1-2: Ball 2-2: Fly out, F7 (Flyball, 78M, EV 93.8 MPH)
|
|
Batting: RHB Gorman Thomas
|
0-0: Grounds into double play, 6-4-3 (Groundball, 6, EV 90.0 MPH)
|
| Bottom of the 3rd over - 0 runs, 1 hit, 0 errors, 0 left on base; Columbus 0 - Toledo 1 |
| TOP OF THE 4TH |
|
Columbus Clippers batting - Pitching for Toledo Mud Hens : RHP Douglas Mathey
|
|
Batting: RHB Rod Allen
|
0-0: Ball 1-0: Called Strike 1-1: Ball 2-1: Foul Ball, location: 2F 2-2: TRIPLE (Line Drive, 9LD, EV 106.3 MPH)
|
|
Batting: LHB Jordan Medrano
|
0-0: Called Strike 0-1: Ball 1-1: Ball 2-1: Ball 3-1: Foul Ball, location: 2F 3-2: SINGLE (Groundball, 34D, EV 106.9 MPH) Rod Allen scores
|
|
Batting: RHB Donell Nixon
|
0-0: Called Strike 0-1: Fielders Choice at 2nd, 4-6 (Groundball, 4, EV 111.3 MPH)
|
|
Batting: RHB Tracy Anderson
|
0-0: Ball Donell Nixon steals 2nd base 1-0: Foul Ball, location: 2F 1-1: Ball 2-1: Ball 3-1: SINGLE (Line Drive, 8RS, EV 103.1 MPH) Donell Nixon to third Runner from 3rd tries for Home, SAFE, throw by CF to home
|
|
Batting: LHB Gene Gentile
|
0-0: Swinging Strike 0-1: Swinging Strike 0-2: Strikes out looking
|
|
Batting: RHB Randy Gomez
|
0-0: Fielders Choice at 2nd, 6-4 (Groundball, 6, EV 104.4 MPH)
|
| Top of the 4th over - 2 runs, 3 hits, 0 errors, 1 left on base; Columbus 2 - Toledo 1 |
| BOTTOM OF THE 4TH |
|
Toledo Mud Hens batting - Pitching for Columbus Clippers : LHP Brooks Carey
|
|
Batting: RHB Milt Jefferson
|
0-0: Called Strike 0-1: Ball 1-1: Ground out 4-3 (Groundball, 4, EV 94.4 MPH)
|
|
Batting: LHB Rich Coggins
|
0-0: Ball 1-0: Called Strike 1-1: Ball 2-1: Fly out, F7 (Flyball, 78D, EV 96.9 MPH)
|
|
Batting: RHB Dennis Odom
|
0-0: Fly out, F4 (Flyball, 4D, EV 85.6 MPH)
|
| Bottom of the 4th over - 0 runs, 0 hits, 0 errors, 0 left on base; Columbus 2 - Toledo 1 |
| TOP OF THE 5TH |
|
Columbus Clippers batting - Pitching for Toledo Mud Hens : RHP Douglas Mathey
|
|
Batting: RHB Alex Rodriguez
|
0-0: Foul Ball, location: 2F 0-1: SINGLE (Groundball, 56D, EV 102.5 MPH)
|
|
Batting: SHB Curt Wilkerson
|
0-0: Foul Ball, location: 2F 0-1: Bunted foul 0-2: Strikes out swinging
|
|
Batting: LHB Elijah Bonaparte
|
0-0: Called Strike 0-1: Foul Ball, location: 2F 0-2: Ball 1-2: Ball 2-2: Ball 3-2: Foul Ball, location: 2F 3-2: Foul Ball, location: 2F 3-2: SINGLE (Groundball, 4MS, EV 70.0 MPH) (infield hit) Alex Rodriguez to second
|
|
Batting: RHB Rod Allen
|
0-0: 3-RUN HOME RUN (Flyball, 78XD, EV 105.0 MPH), Distance : 400 ft
|
|
Batting: LHB Jordan Medrano
|
0-0: Ball 1-0: Foul Ball, location: 2F 1-1: Foul Ball, location: 2F 1-2: Strikes out looking
|
|
Batting: RHB Donell Nixon
|
0-0: Ground out 1-3 (Groundball, P, EV 73.8 MPH)
|
| Top of the 5th over - 3 runs, 3 hits, 0 errors, 0 left on base; Columbus 5 - Toledo 1 |
| BOTTOM OF THE 5TH |
|
Toledo Mud Hens batting - Pitching for Columbus Clippers : LHP Brooks Carey
|
|
Batting: LHB George LaCoe
|
0-0: Ground out 5-3 (Groundball, 56, EV 101.9 MPH)
|
|
Batting: RHB Larry Patterson
|
0-0: Foul Ball, location: 2F 0-1: Ball 1-1: Ball 2-1: Foul Ball, location: 2F 2-2: Ground out 6-3 (Groundball, 6, EV 86.9 MPH)
|
|
Batting: RHB Joey McEndree
|
0-0: Ball 1-0: Ball 2-0: DOUBLE (Flyball, 8RXD, EV 108.1 MPH)
|
|
Pinch Runner at 2nd Ken Henderson:
|
|
|
Batting: LHB Ron Diggle
|
0-0: Ball 1-0: Foul Ball, location: 2F 1-1: Foul Ball, location: 2F 1-2: Ball 2-2: Ball 3-2: Foul Ball, location: 2F 3-2: Base on Balls
|
|
Batting: LHB Greg Brock
|
0-0: Called Strike 0-1: Ball 1-1: Ball 2-1: Foul Ball, location: 2F 2-2: Ball 3-2: SINGLE (Line Drive, 9S, EV 106.9 MPH) Ken Henderson to third Ron Diggle to second Ken Henderson scores Ron Diggle to third
|
|
Batting: RHB Gorman Thomas
|
0-0: Ball 1-0: Called Strike 1-1: Fly out, F4 (Popup, 4M, EV 65.6 MPH)
|
| Bottom of the 5th over - 1 run, 2 hits, 0 errors, 2 left on base; Columbus 5 - Toledo 2 |
| TOP OF THE 6TH |
|
Columbus Clippers batting - Pitching for Toledo Mud Hens : RHP Douglas Mathey
|
|
Now in RF: Ken Henderson
|
|
|
Batting: RHB Tracy Anderson
|
0-0: Foul Ball, location: 2F 0-1: Fly out, F8 (Flyball, 8RD, EV 95.0 MPH)
|
|
Batting: LHB Gene Gentile
|
0-0: Foul Ball, location: 2F 0-1: Foul Ball, location: 2F 0-2: Strikes out looking
|
|
Batting: RHB Randy Gomez
|
0-0: Foul Ball, location: 2F 0-1: Fly out, F8 (Flyball, 8LM, EV 86.3 MPH)
|
| Top of the 6th over - 0 runs, 0 hits, 0 errors, 0 left on base; Columbus 5 - Toledo 2 |
| BOTTOM OF THE 6TH |
|
Toledo Mud Hens batting - Pitching for Columbus Clippers : LHP Brooks Carey
|
|
Batting: RHB Milt Jefferson
|
0-0: Ball 1-0: Fly out, F8 (Flyball, 78D, EV 80.0 MPH)
|
|
Batting: LHB Rich Coggins
|
0-0: Called Strike 0-1: Ball 1-1: Foul Ball, location: 2F 1-2: Ground out 4-3 (Groundball, 4D, EV 99.4 MPH)
|
|
Batting: RHB Dennis Odom
|
0-0: Ball 1-0: SOLO HOME RUN (Flyball, 7LD, EV 97.5 MPH), Distance : 367 ft
|
|
Batting: LHB George LaCoe
|
0-0: Foul Ball, location: 2F 0-1: Ground out 2-3 (Groundball, 2L, EV 75.6 MPH)
|
| Bottom of the 6th over - 1 run, 1 hit, 0 errors, 0 left on base; Columbus 5 - Toledo 3 |
| TOP OF THE 7TH |
|
Columbus Clippers batting - Pitching for Toledo Mud Hens : RHP Douglas Mathey
|
|
Pitching: RHP Kenneth Noble
|
|
|
Batting: RHB Alex Rodriguez
|
0-0: Foul Ball, location: 2F 0-1: Ground out 3-1 (Groundball, 34, EV 105.0 MPH)
|
|
Batting: SHB Curt Wilkerson
|
0-0: Swinging Strike 0-1: Ball 1-1: Foul Ball, location: 2F 1-2: Ball 2-2: Ball 3-2: Strikes out swinging
|
|
Batting: LHB Elijah Bonaparte
|
0-0: Ground out 4-3 (Groundball, 4, EV 97.5 MPH)
|
| Top of the 7th over - 0 runs, 0 hits, 0 errors, 0 left on base; Columbus 5 - Toledo 3 |
| BOTTOM OF THE 7TH |
|
Toledo Mud Hens batting - Pitching for Columbus Clippers : LHP Brooks Carey
|
|
Batting: RHB Larry Patterson
|
0-0: Ball 1-0: Called Strike 1-1: Ground out 5-3 (Groundball, 5S, EV 71.9 MPH)
|
|
Batting: SHB Ken Henderson
|
0-0: Ball 1-0: Ball 2-0: Foul Ball, location: 2F 2-1: Foul Ball, location: 2F 2-2: Ball 3-2: Foul Ball, location: 2F 3-2: Base on Balls
|
|
Batting: LHB Ron Diggle
|
0-0: Ball 1-0: Called Strike 1-1: Ball 2-1: Ball 3-1: DOUBLE (Line Drive, 78D, EV 101.9 MPH) Ken Henderson to third Runner from 3rd tries for Home, SAFE, throw by CF to home
|
|
Batting: LHB Greg Brock
|
0-0: Ball 1-0: Called Strike 1-1: Foul Ball, location: 2F 1-2: Foul Ball, location: 2F 1-2: DOUBLE (Line Drive, 89D, EV 99.4 MPH) Ron Diggle scores
|
|
Pitching: RHP Mark C Smith
|
|
|
Batting: RHB Gorman Thomas
|
0-0: Fly out, F7 (Flyball, 7D, EV 86.3 MPH)
|
|
Batting: RHB Milt Jefferson
|
0-0: Called Strike 0-1: Called Strike 0-2: Ball 1-2: Ball 2-2: SINGLE (Groundball, 6MD, EV 97.5 MPH) Greg Brock to third Runner from 3rd tries for Home, SAFE, throw by CF to home
|
|
Batting: LHB Rich Coggins
|
0-0: Ground out 4-3 (Groundball, 34, EV 104.4 MPH)
|
| Bottom of the 7th over - 3 runs, 3 hits, 0 errors, 1 left on base; Columbus 5 - Toledo 6 |
| TOP OF THE 8TH |
|
Columbus Clippers batting - Pitching for Toledo Mud Hens : RHP Kenneth Noble
|
|
Batting: RHB Rod Allen
|
0-0: Swinging Strike 0-1: SOLO HOME RUN (Flyball, 7D, EV 105.6 MPH), Distance : 354 ft
|
|
Batting: LHB Jordan Medrano
|
0-0: Ball 1-0: Foul Ball, location: 2F 1-1: Ball 2-1: Foul Ball, location: 2F 2-2: Foul Ball, location: 2F 2-2: Fly out, F7 (Flyball, 78M, EV 80.6 MPH)
|
|
Batting: RHB Donell Nixon
|
0-0: Reached via error on a dropped throw from P, E3 (Groundball, 13S, EV 71.3 MPH)
|
|
Batting: RHB Tracy Anderson
|
0-0: Ball Donell Nixon steals 2nd base 1-0: Swinging Strike 1-1: Ball 2-1: Ball 3-1: Called Strike 3-2: Ground out 4-3 (Groundball, 4, EV 80.6 MPH) Donell Nixon to third
|
|
Batting: LHB Gene Gentile
|
0-0: Ball 1-0: Ball 2-0: Fly out, F8 (Line Drive, 8LM, EV 91.9 MPH)
|
| Top of the 8th over - 1 run, 1 hit, 1 error, 1 left on base; Columbus 6 - Toledo 6 |
| BOTTOM OF THE 8TH |
|
Toledo Mud Hens batting - Pitching for Columbus Clippers : RHP Mark C Smith
|
|
Batting: RHB Dennis Odom
|
0-0: Called Strike 0-1: Foul Ball, location: 2F 0-2: Ball 1-2: Foul Ball, location: 2F 1-2: Ball 2-2: Fly out, F7 (Flyball, 7, EV 97.5 MPH)
|
|
Batting: LHB George LaCoe
|
0-0: Called Strike 0-1: Foul Ball, location: 2F 0-2: Foul Ball, location: 2F 0-2: Fly out, F7 (Flyball, 7, EV 92.5 MPH)
|
|
Batting: RHB Larry Patterson
|
0-0: Fly out, F9 (Line Drive, 9, EV 99.4 MPH)
|
| Bottom of the 8th over - 0 runs, 0 hits, 0 errors, 0 left on base; Columbus 6 - Toledo 6 |
| TOP OF THE 9TH |
|
Columbus Clippers batting - Pitching for Toledo Mud Hens : RHP Kenneth Noble
|
|
Pitching: RHP Dan Quisenberry
|
|
|
Pinch Hitting: LHB Denny Porter
|
0-0: Ball 1-0: Ball 2-0: Called Strike 2-1: Foul Ball, location: 2F 2-2: Ball 3-2: Strikes out swinging
|
|
Pinch Hitting: LHB Tony Ramirez
|
0-0: Ball 1-0: Called Strike 1-1: SINGLE (Groundball, 34D, EV 93.8 MPH)
|
|
Batting: SHB Curt Wilkerson
|
0-0: Ball Tony Ramirez is caught stealing 2nd base 2-6 1-0: SINGLE (Groundball, 4MD, EV 105.6 MPH)
|
|
Batting: LHB Elijah Bonaparte
|
0-0: Called Strike 0-1: Foul Ball, location: 2F 0-2: Ball 1-2: Ground out 4-3 (Groundball, 4, EV 88.8 MPH)
|
| Top of the 9th over - 0 runs, 2 hits, 0 errors, 1 left on base; Columbus 6 - Toledo 6 |
| BOTTOM OF THE 9TH |
|
Toledo Mud Hens batting - Pitching for Columbus Clippers : RHP Mark C Smith
|
|
Pitching: RHP Joseph Georger
|
|
|
Now at C: Denny Porter
|
|
|
Now at 2B: Luis Aguayo
|
|
|
Batting: SHB Ken Henderson
|
0-0: Foul Ball, location: 2F 0-1: Ball 1-1: Foul Ball, location: 2F 1-2: Fly out, F8 (Flyball, 89D, EV 92.5 MPH)
|
|
Batting: LHB Ron Diggle
|
0-0: Ball 1-0: Fly out, F7 (Flyball, 7, EV 80.6 MPH)
|
|
Batting: LHB Greg Brock
|
0-0: Called Strike 0-1: Swinging Strike 0-2: Strikes out swinging
|
| Bottom of the 9th over - 0 runs, 0 hits, 0 errors, 0 left on base; Columbus 6 - Toledo 6 |
| TOP OF THE 10TH |
|
Columbus Clippers batting - Pitching for Toledo Mud Hens : RHP Dan Quisenberry
|
|
Batting: RHB Rod Allen
|
0-0: Ball 1-0: Ball 2-0: Foul Ball, location: 2F 2-1: SINGLE (Flyball, 8LS, EV 91.3 MPH)
|
|
Batting: LHB Jordan Medrano
|
0-0: Ball 1-0: Grounds into double play, 1-6-3 (Groundball, 13S, EV 76.3 MPH)
|
|
Batting: RHB Donell Nixon
|
0-0: Ball 1-0: Foul Ball, location: 2F 1-1: SINGLE (Groundball, 6D, EV 96.3 MPH)
|
|
Batting: RHB Tracy Anderson
|
0-0: Ball 1-0: Ball 2-0: Foul Ball, location: 2F 2-1: TRIPLE (Line Drive, 78XD, EV 96.3 MPH) Donell Nixon scores
|
|
Batting: LHB Gene Gentile
|
0-0: Ball 1-0: Called Strike 1-1: Ball 2-1: Ground out 4-3 (Groundball, 4S, EV 92.5 MPH)
|
| Top of the 10th over - 1 run, 3 hits, 0 errors, 1 left on base; Columbus 7 - Toledo 6 |
| BOTTOM OF THE 10TH |
|
Toledo Mud Hens batting - Pitching for Columbus Clippers : RHP Joseph Georger
|
|
Now at 1B: Arturo Blanco
|
|
|
Now in CF: Javier Leyva
|
|
|
Batting: RHB Gorman Thomas
|
0-0: Swinging Strike 0-1: Ball 1-1: Ground out 6-3 (Groundball, 6, EV 83.8 MPH)
|
|
Batting: RHB Milt Jefferson
|
0-0: Fly out, F8 (Flyball, 8LS, EV 86.9 MPH)
|
|
Batting: LHB Rich Coggins
|
0-0: Called Strike 0-1: SINGLE (Flyball, 78D, EV 90.6 MPH)
|
|
Batting: RHB Dennis Odom
|
0-0: Ball 1-0: Foul Ball, location: 2F 1-1: Foul Ball, location: 2F 1-2: Foul Ball, location: 2F 1-2: Ball 2-2: Ball 3-2: Fly out, F8 (Line Drive, 8RM, EV 92.5 MPH)
|
| Bottom of the 10th over - 0 runs, 1 hit, 0 errors, 1 left on base; Columbus 7 - Toledo 6 |
|